| TOP OF THE 1ST |
|
Milwaukee Brewers batting - Pitching for Colorado Rockies : RHP Colin Lancey Jr.
|
|
Pitching: RHP Colin Lancey Jr.
|
|
|
Batting: RHB Akitada Nishizawa
|
0-0: Foul Ball, location: 2F 0-1: DOUBLE (Flyball, 8RXD, EV 111.2 MPH)
|
|
Batting: SHB Pat Wilson
|
0-0: Called Strike 0-1: Ball 1-1: Ball 2-1: Ball 3-1: Foul Ball, location: 2F 3-2: Ground out U3 (Groundball, 3, EV 83.8 MPH) Akitada Nishizawa to third
|
|
Batting: SHB Lewis Thorpe Jr.
|
0-0: Called Strike 0-1: Ball 1-1: Foul Ball, location: 2F 1-2: Ball 2-2: Fly out, F9 (Flyball, 89M, EV 82.5 MPH)
|
|
Batting: SHB Junzo Kato
|
0-0: Called Strike 0-1: Ball 1-1: Called Strike 1-2: Ball 2-2: Foul Ball, location: 2F 2-2: Ball 3-2: Strikes out swinging
|
| Top of the 1st over - 0 runs, 1 hit, 0 errors, 1 left on base; Milwaukee 0 - Colorado 0 |
| BOTTOM OF THE 1ST |
|
Colorado Rockies batting - Pitching for Milwaukee Brewers : LHP Dale Ahernfeld
|
|
Pitching: LHP Dale Ahernfeld
|
|
|
Batting: LHB Freddy Troncoso
|
0-0: Called Strike 0-1: Ball 1-1: Foul Ball, location: 2F 1-2: Foul Ball, location: 2F 1-2: Ground out 4-3 (Groundball, 4, EV 103.8 MPH)
|
|
Batting: RHB Joel Haycock
|
0-0: Ball 1-0: Ground out 1-3 (Groundball, 34S, EV 67.5 MPH)
|
|
Batting: RHB Henry Alvizo
|
0-0: Called Strike 0-1: Fly out, F9 (Line Drive, 89M, EV 89.4 MPH)
|
| Bottom of the 1st over - 0 runs, 0 hits, 0 errors, 0 left on base; Milwaukee 0 - Colorado 0 |
| TOP OF THE 2ND |
|
Milwaukee Brewers batting - Pitching for Colorado Rockies : RHP Colin Lancey Jr.
|
|
Batting: RHB Dave Gonzalez
|
0-0: Called Strike 0-1: Swinging Strike 0-2: Ball 1-2: Foul Ball, location: 2F 1-2: Ball 2-2: Strikes out swinging, 2-3 out at first.
|
|
Batting: RHB Daniel Donovan
|
0-0: Called Strike 0-1: Ball 1-1: Called Strike 1-2: Ball 2-2: Strikes out swinging
|
|
Batting: RHB Ryan Neal
|
0-0: Ball 1-0: Called Strike 1-1: Ball 2-1: Foul Ball, location: 2F 2-2: Ground out 6-3 (Groundball, 6, EV 85.0 MPH)
|
| Top of the 2nd over - 0 runs, 0 hits, 0 errors, 0 left on base; Milwaukee 0 - Colorado 0 |
| BOTTOM OF THE 2ND |
|
Colorado Rockies batting - Pitching for Milwaukee Brewers : LHP Dale Ahernfeld
|
|
Batting: RHB Jason Andrews
|
0-0: Called Strike 0-1: SINGLE (Groundball, 56D, EV 100.0 MPH)
|
|
Batting: LHB Shawn Morrison
|
0-0: Called Strike 0-1: Called Strike 0-2: Ball 1-2: Ball 2-2: Ball 3-2: Grounds into double play, 5-4-3 (Groundball, 56, EV 84.4 MPH)
|
|
Batting: SHB Billy Encinias
|
0-0: Ball 1-0: Called Strike 1-1: Ball 2-1: Ground out 5-3 (Groundball, 56S, EV 71.9 MPH)
|
| Bottom of the 2nd over - 0 runs, 1 hit, 0 errors, 0 left on base; Milwaukee 0 - Colorado 0 |
| TOP OF THE 3RD |
|
Milwaukee Brewers batting - Pitching for Colorado Rockies : RHP Colin Lancey Jr.
|
|
Batting: RHB Kisho Ito
|
0-0: Ground out 6-3 (Groundball, 6, EV 84.4 MPH)
|
|
Batting: RHB Colin Boddy
|
0-0: Called Strike 0-1: Called Strike 0-2: Strikes out swinging
|
|
Batting: RHB Akitada Nishizawa
|
0-0: Ball 1-0: Ground out 6-3 (Groundball, 6, EV 83.8 MPH)
|
| Top of the 3rd over - 0 runs, 0 hits, 0 errors, 0 left on base; Milwaukee 0 - Colorado 0 |
| BOTTOM OF THE 3RD |
|
Colorado Rockies batting - Pitching for Milwaukee Brewers : LHP Dale Ahernfeld
|
|
Batting: SHB Jon Munoz
|
0-0: Foul Ball, location: 2F 0-1: SINGLE (Groundball, 6MD, EV 96.9 MPH)
|
|
Batting: LHB Greg Valenzuela
|
0-0: Ball 1-0: Ball 2-0: SINGLE (Groundball, 6MD, EV 103.8 MPH) Jon Munoz to second
|
|
Batting: RHB Eduardo Camacho
|
0-0: Called Strike 0-1: Called Strike 0-2: SINGLE (Line Drive, 56D, EV 104.4 MPH) Jon Munoz to third Greg Valenzuela to second
|
|
Batting: LHB Freddy Troncoso
|
0-0: Ball 1-0: Called Strike 1-1: Ball 2-1: Foul Ball, location: 2F 2-2: Ball 3-2: Strikes out looking
|
|
Batting: RHB Joel Haycock
|
0-0: Ball 1-0: DOUBLE (Line Drive, 8RXD, EV 109.4 MPH) Jon Munoz scores Greg Valenzuela scores Eduardo Camacho to third Runner from 3rd tries for Home, SAFE, throw by CF to trailing runner, SAFE at third!
|
|
Batting: RHB Henry Alvizo
|
0-0: Called Strike 0-1: Ball 1-1: Ball 2-1: Ball 3-1: Base on Balls
|
|
Pitching: RHP Chris Geraci
|
|
|
Batting: RHB Jason Andrews
|
0-0: Foul Ball, location: 2F 0-1: Foul Ball, location: 2F 0-2: Ball 1-2: Strikes out looking
|
|
Batting: LHB Shawn Morrison
|
0-0: Ball 1-0: Swinging Strike 1-1: Fly out, F8 (Flyball, 89D, EV 92.5 MPH)
|
| Bottom of the 3rd over - 3 runs, 4 hits, 0 errors, 2 left on base; Milwaukee 0 - Colorado 3 |
| TOP OF THE 4TH |
|
Milwaukee Brewers batting - Pitching for Colorado Rockies : RHP Colin Lancey Jr.
|
|
Pitching: LHP Eric Zielinski
|
|
|
Batting: SHB Pat Wilson
|
0-0: Called Strike 0-1: Foul Ball, location: 2F 0-2: Strikes out swinging
|
|
Batting: SHB Lewis Thorpe Jr.
|
0-0: Foul Ball, location: 2F 0-1: Ball 1-1: Ball 2-1: Swinging Strike 2-2: Strikes out swinging
|
|
Batting: SHB Junzo Kato
|
0-0: Ball 1-0: Ball 2-0: Foul Ball, location: 2F 2-1: Ball 3-1: Base on Balls
|
|
Batting: RHB Dave Gonzalez
|
0-0: Called Strike 0-1: Ground out U3 (Groundball, 3, EV 80.6 MPH)
|
| Top of the 4th over - 0 runs, 0 hits, 0 errors, 1 left on base; Milwaukee 0 - Colorado 3 |
| BOTTOM OF THE 4TH |
|
Colorado Rockies batting - Pitching for Milwaukee Brewers : RHP Chris Geraci
|
|
Pitching: RHP John Owens
|
|
|
Batting: SHB Billy Encinias
|
0-0: Ball 1-0: Called Strike 1-1: Called Strike 1-2: Ball 2-2: Foul Ball, location: 2F 2-2: Ball 3-2: Strikes out swinging
|
|
Batting: SHB Jon Munoz
|
0-0: Ball 1-0: Swinging Strike 1-1: Swinging Strike 1-2: Fly out, F7 (Flyball, 78D, EV 90.0 MPH)
|
|
Batting: LHB Greg Valenzuela
|
0-0: Called Strike 0-1: Ball 1-1: Ball 2-1: Called Strike 2-2: Foul Ball, location: 2F 2-2: Ground out 5-3 (Groundball, 56, EV 82.5 MPH)
|
| Bottom of the 4th over - 0 runs, 0 hits, 0 errors, 0 left on base; Milwaukee 0 - Colorado 3 |
| TOP OF THE 5TH |
|
Milwaukee Brewers batting - Pitching for Colorado Rockies : LHP Eric Zielinski
|
|
Pitching: LHP Bill Ogren
|
|
|
Now at C: Chris Besselman
|
|
|
Now at 1B: Steve Gilliam
|
|
|
Now at 2B: Sterling Acosta
|
|
|
Now at 3B: Andy Vivas
|
|
|
Now in LF: Michael Krott
|
|
|
Batting: RHB Daniel Donovan
|
0-0: Foul Ball, location: 2F 0-1: Ball 1-1: Called Strike 1-2: Ball 2-2: Foul Ball, location: 2F 2-2: SINGLE (Groundball, 5S, EV 61.2 MPH) (infield hit)
|
|
Batting: RHB Ryan Neal
|
0-0: Ball 1-0: Ball 2-0: Called Strike 2-1: Fly out, F4 (Popup, 23, EV 86.9 MPH)
|
|
Batting: RHB Kisho Ito
|
0-0: Called Strike 0-1: Swinging Strike 0-2: Ground out 5-3 (Groundball, 5S, EV 67.5 MPH) Daniel Donovan to second
|
|
Batting: RHB Colin Boddy
|
0-0: Ball 1-0: Swinging Strike 1-1: Ground out 5-3 (Groundball, 56, EV 101.9 MPH)
|
| Top of the 5th over - 0 runs, 1 hit, 0 errors, 1 left on base; Milwaukee 0 - Colorado 3 |
| BOTTOM OF THE 5TH |
|
Colorado Rockies batting - Pitching for Milwaukee Brewers : RHP John Owens
|
|
Pitching: LHP Chad Persaud
|
|
|
Now at C: Ben Campbell
|
|
|
Now at 1B: Joe LaDue
|
|
|
Now at 2B: Sadataka Kuwahara
|
|
|
Now at 3B: Mike Ball
|
|
|
Now at SS: Noah Stanley
|
|
|
Now in LF: Chris King
|
|
|
Now in CF: Mike Williams
|
|
|
Now in RF: Alfredo de la Cruz
|
|
|
Batting: RHB Eduardo Camacho
|
0-0: Ball 1-0: DOUBLE (Groundball, 3L, EV 106.9 MPH)
|
|
Batting: LHB Freddy Troncoso
|
0-0: Ball 1-0: Ball 2-0: Ball 3-0: Base on Balls
|
|
Batting: LHB Michael Krott
|
0-0: Ball 1-0: Foul Ball, location: 2F 1-1: Ball 2-1: Foul Ball, location: 2F 2-2: Strikes out looking
|
|
Batting: SHB Andy Vivas
|
0-0: SINGLE (Groundball, 34D, EV 94.4 MPH) Eduardo Camacho to third Freddy Troncoso to second Runner from 3rd tries for Home, SAFE, throw by RF to home Freddy Troncoso to third Andy Vivas to second
|
|
Batting: RHB Sterling Acosta
|
0-0: Ball 1-0: Ball 2-0: Called Strike 2-1: Ball 3-1: Swinging Strike 3-2: Strikes out swinging
|
|
Batting: LHB Shawn Morrison
|
0-0: Ball 1-0: Ball 2-0: Foul Ball, location: 2F 2-1: SINGLE (Groundball, 4M, EV 93.8 MPH) (infield hit) Freddy Troncoso scores Andy Vivas to third
|
|
Batting: SHB Chris Besselman
|
0-0: Ball 1-0: Ground out U3 (Groundball, 3, EV 87.5 MPH)
|
| Bottom of the 5th over - 2 runs, 3 hits, 0 errors, 2 left on base; Milwaukee 0 - Colorado 5 |
| TOP OF THE 6TH |
|
Milwaukee Brewers batting - Pitching for Colorado Rockies : LHP Bill Ogren
|
|
Pitching: LHP Randy Rowland
|
|
|
Now at 2B: Mike Clark
|
|
|
Now at SS: Sterling Acosta
|
|
|
Batting: RHB Chris King
|
0-0: Called Strike 0-1: Ball 1-1: Foul Ball, location: 2F 1-2: Ball 2-2: Strikes out swinging
|
|
Batting: SHB Jamel Wright
|
0-0: Ball 1-0: Swinging Strike 1-1: Foul Ball, location: 2F 1-2: Ball 2-2: Strikes out swinging
|
|
Batting: RHB Noah Stanley
|
0-0: Called Strike 0-1: Foul Ball, location: 2F 0-2: Ball 1-2: Ball 2-2: Foul Ball, location: 2F 2-2: Fly out, F7 (Flyball, 7D, EV 78.1 MPH)
|
| Top of the 6th over - 0 runs, 0 hits, 0 errors, 0 left on base; Milwaukee 0 - Colorado 5 |
| BOTTOM OF THE 6TH |
|
Colorado Rockies batting - Pitching for Milwaukee Brewers : LHP Chad Persaud
|
|
Batting: LHB Steve Gilliam
|
0-0: Ball 1-0: Foul Ball, location: 2F 1-1: Ball 2-1: Foul Ball, location: 2F 2-2: Strikes out swinging
|
|
Batting: RHB Justin Williams
|
0-0: Ball 1-0: SOLO HOME RUN (Flyball, 7D, EV 99.4 MPH), Distance : 407 ft
|
|
Pitching: RHP Mike Ellinwood
|
|
|
Batting: LHB Mike Clark
|
0-0: Ball 1-0: Swinging Strike 1-1: Swinging Strike 1-2: Ball 2-2: Strikes out looking
|
|
Batting: LHB Freddy Troncoso
|
0-0: Ball 1-0: Fly out, F9 (Flyball, 9LSF, EV 91.9 MPH)
|
| Bottom of the 6th over - 1 run, 1 hit, 0 errors, 0 left on base; Milwaukee 0 - Colorado 6 |
| TOP OF THE 7TH |
|
Milwaukee Brewers batting - Pitching for Colorado Rockies : LHP Randy Rowland
|
|
Pitching: RHP Jaden Mackey
|
|
|
Batting: LHB Alfredo de la Cruz
|
0-0: Ball 1-0: Foul Ball, location: 2F 1-1: Ground out 6-3 (Groundball, 4M, EV 107.5 MPH)
|
|
Batting: RHB Sadataka Kuwahara
|
0-0: Ball 1-0: Called Strike 1-1: Ball 2-1: Ground out 3-1 (Groundball, 34S, EV 83.1 MPH)
|
|
Batting: RHB Mike Ball
|
0-0: Ball 1-0: Ground out 5-3 (Groundball, 15, EV 93.1 MPH)
|
| Top of the 7th over - 0 runs, 0 hits, 0 errors, 0 left on base; Milwaukee 0 - Colorado 6 |
| BOTTOM OF THE 7TH |
|
Colorado Rockies batting - Pitching for Milwaukee Brewers : RHP Mike Ellinwood
|
|
Batting: LHB Michael Krott
|
0-0: Ball 1-0: Foul Ball, location: 2F 1-1: Foul Ball, location: 2F 1-2: Foul Ball, location: 2F 1-2: Strikes out swinging
|
|
Batting: SHB Andy Vivas
|
0-0: Ball 1-0: Foul Ball, location: 2F 1-1: Ball 2-1: Swinging Strike 2-2: Ball 3-2: Strikes out swinging
|
|
Batting: RHB Sterling Acosta
|
0-0: Called Strike 0-1: Ball 1-1: Called Strike 1-2: Ball 2-2: Ball 3-2: Strikes out swinging
|
| Bottom of the 7th over - 0 runs, 0 hits, 0 errors, 0 left on base; Milwaukee 0 - Colorado 6 |
| TOP OF THE 8TH |
|
Milwaukee Brewers batting - Pitching for Colorado Rockies : RHP Jaden Mackey
|
|
Batting: RHB Joe LaDue
|
0-0: Called Strike 0-1: Ball 1-1: Ball 2-1: TRIPLE (Flyball, 78XD, EV 105.0 MPH)
|
|
Batting: RHB Ben Campbell
|
0-0: Ground out 6-3 (Groundball, 6S, EV 93.1 MPH) Joe LaDue scores
|
|
Batting: SHB Mike Williams
|
0-0: Called Strike 0-1: Ball 1-1: SINGLE (Line Drive, 56, EV 96.9 MPH)
|
|
Batting: RHB Chris King
|
0-0: Ball 1-0: Swinging Strike 1-1: Ball 2-1: DOUBLE (Line Drive, 8RXD, EV 107.5 MPH) Mike Williams to third
|
|
Batting: SHB Jamel Wright
|
0-0: Ball 1-0: Ball 2-0: Called Strike 2-1: Foul Ball, location: 2F 2-2: Strikes out swinging
|
|
Batting: RHB Noah Stanley
|
0-0: Foul Ball, location: 2F 0-1: Foul Ball, location: 2F 0-2: Foul Ball, location: 2F 0-2: Ball 1-2: Ball 2-2: Ground out 5-3 (Groundball, 56, EV 93.1 MPH)
|
| Top of the 8th over - 1 run, 3 hits, 0 errors, 2 left on base; Milwaukee 1 - Colorado 6 |
| BOTTOM OF THE 8TH |
|
Colorado Rockies batting - Pitching for Milwaukee Brewers : RHP Mike Ellinwood
|
|
Batting: LHB Shawn Morrison
|
0-0: Called Strike 0-1: Foul Ball, location: 2F 0-2: Hit by Pitch
|
|
Batting: SHB Chris Besselman
|
0-0: Called Strike 0-1: Ball 1-1: Ball 2-1: Fly out, F9 (Flyball, 89M, EV 85.6 MPH)
|
|
Batting: LHB Steve Gilliam
|
0-0: Foul Ball, location: 2F 0-1: Foul Ball, location: 2F 0-2: Strikes out looking
|
|
Pitching: RHP Mark Hincks
|
|
|
Batting: RHB Justin Williams
|
0-0: Swinging Strike 0-1: Ball 1-1: Ball 2-1: Called Strike Shawn Morrison is caught stealing 2nd base 2-4
|
| Bottom of the 8th over - 0 runs, 0 hits, 0 errors, 0 left on base; Milwaukee 1 - Colorado 6 |
| TOP OF THE 9TH |
|
Milwaukee Brewers batting - Pitching for Colorado Rockies : RHP Jaden Mackey
|
|
Pitching: RHP Nate Dallman
|
|
|
Batting: LHB Alfredo de la Cruz
|
0-0: Called Strike 0-1: SINGLE (Groundball, 4MS, EV 65.6 MPH) (infield hit)
|
|
Batting: RHB Sadataka Kuwahara
|
0-0: SINGLE (Groundball, 34D, EV 96.9 MPH) Alfredo de la Cruz to second
|
|
Batting: RHB Mike Ball
|
0-0: Ball 1-0: Foul Ball, location: 2F 1-1: Hit by Pitch Alfredo de la Cruz to third Sadataka Kuwahara to second
|
|
Pitching: RHP Tye Dickinson
|
|
|
Batting: RHB Joe LaDue
|
0-0: Ball 1-0: Swinging Strike 1-1: Swinging Strike 1-2: Ball 2-2: Grounds into double play, 6-4-3 (Groundball, 6M, EV 86.9 MPH) Alfredo de la Cruz scores Sadataka Kuwahara to third
|
|
Pinch Hitting: LHB Gabe Harvey
|
0-0: Ball 1-0: Called Strike 1-1: Foul Ball, location: 2F 1-2: Ball 2-2: Strikes out looking
|
| Top of the 9th over - 1 run, 2 hits, 0 errors, 1 left on base; Milwaukee 2 - Colorado 6 |
|